Workbook
Name ESCONDIDO: #REF!
Name inf: #REF!
Name JERARQUIA: '[1]FORMULA 1'!#REF!
Name JERARQUIA: '[1]FORMULA 1'!#REF!
Name JERARQUIA: '[1]FORMULA 1'!#REF!
Name ORDEN: '[1]FORMULA 1'!#REF!
Name ORDEN: '[1]FORMULA 1'!#REF!
Name ORDEN: '[1]FORMULA 1'!#REF!
Name tdRepliesUniqueIdentifierCol_lnkRepliesUniqueIdentifierViewLink_0: 'OrdenValor '!#REF!
Name tdRepliesUniqueIdentifierCol_lnkRepliesUniqueIdentifierViewLink_0: 'Valor propuestas'!#REF!
Name tdRepliesUniqueIdentifierCol_lnkRepliesUniqueIdentifierViewLink_1: 'OrdenValor '!#REF!
Name tdRepliesUniqueIdentifierCol_lnkRepliesUniqueIdentifierViewLink_1: 'Valor propuestas'!#REF!
Name tdRepliesUniqueIdentifierCol_lnkRepliesUniqueIdentifierViewLink_10: 'Propuestas recibidas'!#REF!
Name tdRepliesUniqueIdentifierCol_lnkRepliesUniqueIdentifierViewLink_2: 'OrdenValor '!#REF!
Name tdRepliesUniqueIdentifierCol_lnkRepliesUniqueIdentifierViewLink_2: 'Valor propuestas'!#REF!
Name tdRepliesUniqueIdentifierCol_lnkRepliesUniqueIdentifierViewLink_3: 'OrdenValor '!#REF!
Name tdRepliesUniqueIdentifierCol_lnkRepliesUniqueIdentifierViewLink_3: 'Valor propuestas'!#REF!
Name tdRepliesUniqueIdentifierCol_lnkRepliesUniqueIdentifierViewLink_4: 'OrdenValor '!#REF!
Name tdRepliesUniqueIdentifierCol_lnkRepliesUniqueIdentifierViewLink_4: 'Valor propuestas'!#REF!
Name tdRepliesUniqueIdentifierCol_lnkRepliesUniqueIdentifierViewLink_5: 'OrdenValor '!#REF!
Name tdRepliesUniqueIdentifierCol_lnkRepliesUniqueIdentifierViewLink_5: 'Valor propuestas'!#REF!
Name tdRepliesUniqueIdentifierCol_lnkRepliesUniqueIdentifierViewLink_6: 'OrdenValor '!#REF!
Name tdRepliesUniqueIdentifierCol_lnkRepliesUniqueIdentifierViewLink_6: 'Valor propuestas'!#REF!
Name tdRepliesUniqueIdentifierCol_lnkRepliesUniqueIdentifierViewLink_7: 'OrdenValor '!#REF!
Name tdRepliesUniqueIdentifierCol_lnkRepliesUniqueIdentifierViewLink_7: 'Valor propuestas'!#REF!
Name tdRepliesUniqueIdentifierCol_lnkRepliesUniqueIdentifierViewLink_8: 'OrdenValor '!#REF!
Name tdRepliesUniqueIdentifierCol_lnkRepliesUniqueIdentifierViewLink_8: 'Valor propuestas'!#REF!
Name tdRepliesUniqueIdentifierCol_lnkRepliesUniqueIdentifierViewLink_9: 'OrdenValor '!#REF!
Name tdRepliesUniqueIdentifierCol_lnkRepliesUniqueIdentifierViewLink_9: 'Valor propuestas'!#REF!

Sheet Propuestas recibidas
B2: PROPUESTAS RECIBIDAS
A3: No. | B3: Referencia de oferta | C3: Entidad | D3: Evaluación | E3: Presentada | F3: Oferta | G3: OBSERVACIONES
A4: 1 | B4: IP-DT-CAS-010-2024 - INCOSERING SAS BIC | C4: INCOSERING SAS BIC | D4: Oferta en evaluación | E4: 45526.478 | F4: 5465372 | G4: Rechazado por no presentar el FORMULARIO 2, propuesta económica con el valor discriminado de cada ítem.
A5: 2 | B5: IP-DT-CAS-010-2024 SERVIAIRES JM SAS | C5: SERVIAIRES JM SAS | D5: Oferta en evaluación | E5: 45526.41 | F5: 2581229 | G5: Propuesta artificialmente baja, presento documento respuesta a requerimiento; la entidad considera que no existe riesgo para el cumplimiento de obligaciones contractuales
A6: 3 | B6: MANTENIMIENTO AIRES | C6: CONSER FZ SAS | D6: Oferta en evaluación | E6: 45525.498 | F6: 7456540
A7: 4 | B7: IP-DT-CAS-010-2024 | C7: CRR SOLUCIONES INTEGRALES S.A.S | D7: Oferta en evaluación | E7: 45525.444 | F7: 13990486 | G7: Rechazado por que la plataforma transaccional exige que si hay una adenda la propuesta economica se debe publicar despues del adenda.
A8: 5 | B8: MANTENIMIENTO UPS Y AIRES INVIAS YOPAL | C8: AOMANTENIMIENTOHOSPITALARIOYBIOMEDICOSSAS | D8: Oferta en evaluación | E8: 45524.631 | F8: 13578990 | G8: Rechazado por que la plataforma transaccional exige que si hay una adenda la propuesta economica se debe publicar despues del adenda.

Sheet Valor propuestas
B1: VALOR PROPUESTAS
A2: NO. | B2: OFERENTES | C2: % | D2: CARTA DE PRESENTACION DE LA OFERTA | E2: FECHA DE ENTREGA | F2: OFERTA ECONOMICA | G2: OFERTA ECONOMICA REVISADA. VALOR NETO SIN IVA | H2: OFERTA ECONOMICA REVISADA | I2: OBSERVACION
A3: 1 | B3: INCOSERING SAS BIC | C3: 100 | D3: SI | E3: 45526.478 | F3: 5465372 | G3: =+'Revision económica'!J27 -> 0 | H3: =+'Revision económica'!J30 -> 0 | I3: Rechazado por no presentar el FORMULARIO 2, propuesta económica con el valor discriminado de cada ítem.
A4: 2 | B4: SERVIAIRES JM SAS | C4: 100 | D4: SI | E4: 45526.41 | F4: 2581229 | G4: =+'Revision económica'!L27 -> 2169100 | H4: =+'Revision económica'!L30 -> 2581229 | I4: Propuesta artificialmente baja, presento documento respuesta a requerimiento; la entidad considera que no existe riesgo para el cumplimiento de obligaciones contractuales
A5: 3 | B5: CONSER FZ SAS | C5: 100 | D5: SI | E5: 45525.498 | F5: 7456540 | G5: =+'Revision económica'!N27 -> 3133000 | H5: =+'Revision económica'!N30 -> 3728270
A6: 4 | B6: CRR SOLUCIONES INTEGRALES S.A.S | C6: 100 | D6: SI | E6: 45525.444 | F6: 13990486 | G6: =+'Revision económica'!P27 -> 0 | H6: =+'Revision económica'!P30 -> 0 | I6: Rechazado por que la plataforma transaccional exige que si hay una adenda la propuesta economica se debe publicar despues del adenda.
A7: 5 | B7: AOMANTENIMIENTOHOSPITALARIOYBIOMEDICOSSAS | C7: 100 | D7: SI | E7: 45524.631 | F7: 13578990 | G7: =+'Revision económica'!R27 -> 0 | H7: =+'Revision económica'!P31 -> 0 | I7: Rechazado por que la plataforma transaccional exige que si hay una adenda la propuesta economica se debe publicar despues del adenda.

Sheet Revision económica
A1: MINISTERIO DE TRANSPORTE
A2: INSTITUTO NACIONAL DE VÍAS
A3: DIRECCION TERRITORIAL CASANARE
A5: =+PROPONENTE!A6 -> INVITACION A PÚBLICA No. IP-DT-CAS-010-2024
A6: =+PROPONENTE!A8 -> OBJETO: ADECUACIÓN EN EL EDIFICIO SEDE DEL INVIAS EN LA TERRITORIAL CASANARE MEDIANTE EL MANTENIMIENTO DE AIRES ACONDICIONADOS, UPS Y PLANTA ELECTRICA
A8: FORMULARIO 1
A10: PRESUPUESTO OFICIAL
I11: =+'Valor propuestas'!$B3 -> INCOSERING SAS BIC | K11: =+'Valor propuestas'!$B4 -> SERVIAIRES JM SAS | M11: =+'Valor propuestas'!$B5 -> CONSER FZ SAS | O11: =+'Valor propuestas'!$B6 -> CRR SOLUCIONES INTEGRALES S.A.S | Q11: =+'Valor propuestas'!$B7 -> AOMANTENIMIENTOHOSPITALARIOYBIOMEDICOSSAS | S11: =+'Valor propuestas'!$B8 -> 0
A13: ITEM DE PAGO | B13: NUMERO DE VECES EN EL PLAZO | C13: Descripción | D13: UND. | E13: CANTIDAD | F13: VALOR UNITARIO ( $ ) | G13: VALOR TOTAL ( $ ) | I13: VALOR UNITARIO ( $ ) | J13: VALOR TOTAL ( $ ) | K13: VALOR UNITARIO ( $ ) | L13: VALOR TOTAL ( $ ) | M13: VALOR UNITARIO ( $ ) | N13: VALOR TOTAL ( $ ) | O13: VALOR UNITARIO ( $ ) | P13: VALOR TOTAL ( $ ) | Q13: VALOR UNITARIO ( $ ) | R13: VALOR TOTAL ( $ ) | S13: VALOR UNITARIO ( $ ) | T13: VALOR TOTAL ( $ )
A16: 1 | C16: MANTENIMIENTO
A17: 1.1 | B17: 1 | C17: MANTENIMIENTO PREDICTIVO Y PREVENTIVO UPS POWERCOM MÓDELO ONL 4500VA S/N 00441820 Revisión conexiones eléctricas, fusibles, transformadores, inductancias, puntos de monitoreo y estático. Inspección y calibración de las board´s, capacitores, ventiladores, transformadores, componentes del inversor y cargadores de baterias. Chequeos electrónicos de enfriadores, fuentes de poder, fusibles de los filtros de entrada y DC, fusibles de filtro de salida, resistencia de dispersión de los SCR´s impedancia de los diodos. Limpieza de las áreas aspirables, tapas extraibles conexiones de las Board´s y filtros. Verificación y ajuste de la fuente de bajo voltaje. Chequeo y ajuste operacional de la parte rectificadora. | D17: un | E17: 1 | F17: 925750 | G17: 925750 | J17: =$E17*I17 -> 0 | K17: 749900 | L17: =$E17*K17 -> 749900 | M17: 925000 | N17: =$E17*M17 -> 925000 | P17: =$E17*O17 -> 0 | R17: =$E17*Q17 -> 0 | T17: =$E17*S17 -> 0
A18: 2 | C18: MANTENIMIENTO AIRES ACONDICIONADOS | K18: 0 | L18: =$E18*K18 -> 0 | N18: =$E18*M18 -> 0 | P18: =$E18*O18 -> 0 | R18: =$E18*Q18 -> 0 | T18: =$E18*S18 -> 0
A19: 2.1 | B19: 1 | C19: MANTENIMIENTO GENERAL PREVENTIVO AIRE ACONDICIONADO A TODO COSTO TIPO MINISPLIT DE 18000 BTU CHALLENGER 230 V oficina Financiera | D19: un | E19: 1 | F19: 240465 | G19: 240465 | J19: =$E19*I19 -> 0 | K19: 169900 | L19: =$E19*K19 -> 169900 | M19: 240000 | N19: =$E19*M19 -> 240000 | P19: =$E19*O19 -> 0 | R19: =$E19*Q19 -> 0 | T19: =$E19*S19 -> 0
A20: 2.2 | B20: 1 | C20: MANTENIMIENTO GENERAL PREVENTIVO AIRE ACONDICIONADO A TODO COSTO TIPO MINISPLIT 12000 BTU R22 110 VOLTIOS HACEB oficina Jurídica | D20: un | E20: 1 | F20: 240465 | G20: 240465 | J20: =$E20*I20 -> 0 | K20: 149900 | L20: =$E20*K20 -> 149900 | M20: 240000 | N20: =$E20*M20 -> 240000 | P20: =$E20*O20 -> 0 | R20: =$E20*Q20 -> 0 | T20: =$E20*S20 -> 0
A21: 2.3 | B21: 1 | C21: MANTENIMIENTO GENERAL PREVENTIVO AIRE ACONDICIONADO A TODO COSTO TIPO MINISPLIT DUAL COOL INVERTER DE 12000 BTU. Cuarto de equipos | D21: un | E21: 1 | F21: 240465 | G21: 240465 | J21: =$E21*I21 -> 0 | K21: 149900 | L21: =$E21*K21 -> 149900 | M21: 240000 | N21: =$E21*M21 -> 240000 | P21: =$E21*O21 -> 0 | R21: =$E21*Q21 -> 0 | T21: =$E21*S21 -> 0
A22: 2.4 | B22: 1 | C22: MANTENIMIENTO GENERAL PREVENTIVO AIRE ACONDICIONADO A TODO COSTO TIPO MINISPLIT 24000 BTU Oficina RECEPCION | D22: un | E22: 1 | F22: 319240 | G22: 319240 | J22: =$E22*I22 -> 0 | K22: 179900 | L22: =$E22*K22 -> 179900 | M22: 319000 | N22: =$E22*M22 -> 319000 | P22: =$E22*O22 -> 0 | R22: =$E22*Q22 -> 0 | T22: =$E22*S22 -> 0
A23: 2.5 | B23: 1 | C23: MANTENIMIENTO GENERAL PREVENTIVO AIRE ACONDICIONADO A TODO COSTO TIPO CASSETTE DE 30000 BTU INVERTER REFRIRGERATE ECOLOGICO R410A LG oficina Técnica | D23: un | E23: 1 | F23: 370156 | G23: 370156 | J23: =$E23*I23 -> 0 | K23: 259900 | L23: =$E23*K23 -> 259900 | M23: 370000 | N23: =$E23*M23 -> 370000 | P23: =$E23*O23 -> 0 | R23: =$E23*Q23 -> 0 | T23: =$E23*S23 -> 0
A24: 2.6 | B24: 1 | C24: MANTENIMIENTO GENERAL PREVENTIVO AIRE ACONDICIONADO A TODO COSTO TIPO MAGNUN INVERTER 21 DE 12000 BTU MIRAGE 230 V oficina Administrativa | D24: un | E24: 1 | F24: 240465 | G24: 240465 | J24: =$E24*I24 -> 0 | K24: 149900 | L24: =$E24*K24 -> 149900 | M24: 240000 | N24: =$E24*M24 -> 240000 | P24: =$E24*O24 -> 0 | R24: =$E24*Q24 -> 0 | T24: =$E24*S24 -> 0
A25: 2.7 | B25: 1 | C25: MANTENIMIENTO GENERAL PREVENTIVO AIRE ACONDICIONADO A TODO COSTO TIPO mini split Inverter frío 24.000 BTU 220V. midea.Cuarto de Archivo | D25: un | E25: 1 | F25: 240465 | G25: 240465 | J25: =$E25*I25 -> 0 | K25: 179900 | L25: =$E25*K25 -> 179900 | M25: 240000 | N25: =$E25*M25 -> 240000 | P25: =$E25*O25 -> 0 | R25: =$E25*Q25 -> 0 | T25: =$E25*S25 -> 0
A26: 2.8 | B26: 1 | C26: MANTENIMIENTO GENERAL PREVENTIVO AIRE ACONDICIONADO A TODO COSTO TIPO MINISPLIT 24000 BTU Oficina DIRECCION | D26: un | E26: 1 | F26: 319240 | G26: 319240 | J26: =$E26*I26 -> 0 | K26: 179900 | L26: =$E26*K26 -> 179900 | M26: 319000 | N26: =$E26*M26 -> 319000 | P26: =$E26*O26 -> 0 | R26: =$E26*Q26 -> 0 | T26: =$E26*S26 -> 0
F27: Valor Básico | G27: =SUM(G16:G26) -> 3136711 | I27: Valor Básico | J27: =SUM(J17:J26) -> 0 | K27: Valor Básico | L27: =SUM(L16:L26) -> 2169100 | M27: Valor Básico | N27: =SUM(N16:N26) -> 3133000 | O27: Valor Básico | P27: =SUM(P16:P26) -> 0 | Q27: Valor Básico | R27: =SUM(R16:R26) -> 0 | S27: Valor Básico | T27: =SUM(T16:T26) -> 0
G28: =SUM(#REF!) -> #REF! | I28: AIU | J28: =SUM(#REF!) -> #REF! | K28: AIU | L28: =SUM(#REF!) -> #REF! | M28: AIU | N28: =SUM(#REF!) -> #REF! | O28: AIU | P28: =SUM(#REF!) -> #REF! | Q28: AIU | R28: =SUM(#REF!) -> #REF! | S28: AIU | T28: =SUM(#REF!) -> #REF!
D29: VALOR IVA (19% SOBRE UTILIDADES 5% ) | G29: =ROUND((G27*0.19),0) -> 595975 | I29: IVA | J29: =ROUND((J27*0.19),0) -> 0 | K29: IVA | L29: =ROUND((L27*0.19),0) -> 412129 | M29: IVA | N29: =ROUND((N27*0.19),0) -> 595270 | O29: IVA | P29: =ROUND((P27*0.19),0) -> 0 | Q29: IVA | R29: =ROUND((R27*0.19),0) -> 0 | S29: IVA | T29: =ROUND((T27*0.19),0) -> 0
D30: VALOR TOTAL DE LA OBRA | G30: =+G27+G29 -> 3732686 | I30: Total | J30: =+J27+J29 -> 0 | K30: Total | L30: =+L27+L29 -> 2581229 | M30: Total | N30: =+N27+N29 -> 3728270 | O30: Total | P30: =+P27+P29 -> 0 | Q30: Total | R30: =+R27+R29 -> 0 | S30: Total | T30: =+T27+T29 -> 0
D32: DESCRIPCION | G32: PORCENTAJE | J32: PORCENTAJE | L32: PORCENTAJE | N32: PORCENTAJE | P32: PORCENTAJE | R32: PORCENTAJE | T32: PORCENTAJE
J36: =SUM(J33:J35) -> 0 | L36: =SUM(L33:L35) -> 0 | N36: =SUM(N33:N35) -> 0 | P36: =SUM(P33:P35) -> 0 | R36: =SUM(R33:R35) -> 0 | T36: =SUM(T33:T35) -> 0
I38: No presento propuesta economica | O38: Rechazada en la plataforma transaccional Secop II | Q38: Rechazada en la plataforma transaccional Secop II
J40: =+J30/$G$30 -> 0 | L40: =+L30/$G$30 -> 0.69152053 | N40: =+N30/$G$30 -> 0.99881694 | P40: =+P30/$G$30 -> 0 | R40: =+R30/$G$30 -> 0 | T40: =+T30/$G$30 -> 0
G41: =+G30*0.8 -> 2986148.8

Sheet OrdenValor 
C1: ORDEN VALOR DE LAS PROPUESTAS
A2: Orden menor valor básico | B2: No. | C2: OFERENTES | D2: % | E2: CARTA DE PRESENTACION DE LA OFERTA | F2: FECHA DE ENTREGA | G2: OFERTA ECONOMICA | H2: OFERTA ECONOMICA REVISADA | I2: OBSERVACION
A3: 1 | B3: ='Valor propuestas'!A4 -> 2 | C3: ='Valor propuestas'!B4 -> SERVIAIRES JM SAS | D3: ='Valor propuestas'!C4 -> 100 | E3: ='Valor propuestas'!D4 -> SI | F3: ='Valor propuestas'!E4 -> 45526.41 | G3: ='Valor propuestas'!F4 -> 2581229 | H3: ='Valor propuestas'!H4 -> 2581229 | I3: Propuesta artificialmente baja, presento documento respuesta a requerimiento; la entidad considera que no existe riesgo para el cumplimiento de obligaciones contractuales
A4: 2 | B4: ='Valor propuestas'!A5 -> 3 | C4: ='Valor propuestas'!B5 -> CONSER FZ SAS | D4: ='Valor propuestas'!C5 -> 100 | E4: ='Valor propuestas'!D5 -> SI | F4: ='Valor propuestas'!E5 -> 45525.498 | G4: ='Valor propuestas'!F5 -> 7456540 | H4: ='Valor propuestas'!H5 -> 3728270
A5: 3
A6: 4
A7: 5
C9: SI HAY MAS DE 5 PROPUESTAS
C10: COSTO ESTIMADO DEL CONTRATO | H10: =+'Revision económica'!G30 -> 3732686
C11: PROMEDIO | H11: =AVERAGE(H3:H6) -> 3154749.5
C12: MEDIANA | H12: =MEDIAN(H3:H6) -> 3154749.5
C13: DESVIACION ESTANDAR | H13: =STDEVPA(H3:H6) -> 573520.5
C14: DIFERENCIA ENTRE COSTO ESTIMADO Y PROMEDIO O MEDIANA DE LAS OFERTAS | H14: =+H10-H11 -> 577936.5
C15: Diferencia entre el valor de la oferta que puede ser artificialmente baja y el promedio del valor de las ofertas. | H15: =+H11-#REF! -> #REF!
C16: Diferencia entre el valor de la oferta que puede ser artificialmente baja y el costo estimado del contrato. | H16: =+H10-#REF! -> #REF!
C17: Valor Mínimo Aceptable: Valor Mínimo Aceptable = Mediana - Desviación Estándar | H17: =+H12-H13 -> 2581229

Sheet PROPONENTE
A1: INSTITUTO NACIONAL DE VÍAS
A2: DIRECCIÓN GENERAL
A3: DIRECCIÓN DE CONTRATACIÓN
A4: DIRECCION TERRITORIAL CASANARE
A6: INVITACION A PÚBLICA No. IP-DT-CAS-010-2024
A8: OBJETO: ADECUACIÓN EN EL EDIFICIO SEDE DEL INVIAS EN LA TERRITORIAL CASANARE MEDIANTE EL MANTENIMIENTO DE AIRES ACONDICIONADOS, UPS Y PLANTA ELECTRICA
A10: LISTADO DE PROPONENTES
A12: PROPUESTA | B12: PROPONENTE | C12: Porcentaje de
A13: NÚMERO | C13: participación
A14: 1 | B14: =+'OrdenValor '!C3 -> SERVIAIRES JM SAS | C14: 1

Sheet REQUISITOS HABILITANTES
A1: =+PROPONENTE!A6 -> INVITACION A PÚBLICA No. IP-DT-CAS-010-2024
A3: =+PROPONENTE!A8 -> OBJETO: ADECUACIÓN EN EL EDIFICIO SEDE DEL INVIAS EN LA TERRITORIAL CASANARE MEDIANTE EL MANTENIMIENTO DE AIRES ACONDICIONADOS, UPS Y PLANTA ELECTRICA
B5: PRESUPUESTO OFICIAL:
B6: =+'Revision económica'!N30 -> 3728270
B8: SERIEDAD DE LA OFERTA:
C12: =+[2]PROPONENTES!A13 -> 1
C13: =+PROPONENTE!B14 -> SERVIAIRES JM SAS
C14: 1
A15: No. | B15: REQUISITOS HABILITANTES | C15: PRESENTA
B16: LEGALES Y ADMINISTRATIVOS
B17: CARTA DE PRESENTACIÓN DE LA OFERTA. | C17: SI
B18: CARTA DE INFORMACIÓN DE CONSORCIOS O UNIONES TEMPORALES. | C18: N.A
B19: CERTIFICADO DE EXISTENCIA Y REPRESENTACIÓN LEGAL | C19: SI
B20: DOCUMENTO DE CUMPLIMIENTO ARTÍCULO 50 DE LA LEY 789 DE 2002 (SEGURIDAD SOCIAL INTEGRAL Y PARAFISCALES) | C20: SI
B21: DECLARACIÓN DE NO REPORTAR ANTECEDENTES FISCALES ANTE LA CONTRALORÍA GENERAL DE LA REPÚBLICA NI SANCIONES QUE IMPLIQUEN INHABILIDAD PARA CONTRATAR CON EL ESTADO | C21: SI
B22: CEDULA DE CIUDADANIA DEL PROPONENTE | C22: SI
B23: CERTIFICACION DEL REVISOR FISCAL | C23: NA
B24: GARANTÍA DE SERIEDAD DE LA OFERTA | C24: NA
B25: REQUISITOS TECNICOS
B26: EXPERIENCIA REQUERIDA PARA EL PROYECTO | C26: SI
B27: CERTIFICACIÓN DE CUMPLIMIENTO DE CONDICIONES TÉCNICAS MÍNIMAS | C27: SI
B28: DOCUMENTOS ADICIONALES A APORTAR NO HABILITANTES, NECESARIOS PARA EMITIR LA COMUNICACIÓN DE ACEPTACION DE OFERTA.
B29: CONSULTA DE ANTECEDENTES JUDICIALES | C29: SI
B30: CONSULTA DE ANTECEDENTES FISCALES | C30: SI
B31: CONSULTA DE ANTECEDENTES DISCIPLINARIOS | C31: SI
B32: SISTEMA REGISTRO NACIONAL DE MEDIDAS CORRECTIVAS RNMC | C32: SI
B33: CERTIFICACIÓN BANCARIA | C33: SI
B34: RÉGIMEN DE IMPUESTOS A LAS VENTAS AL CUAL PERTENECE. | C34: SI
A35: OBSERVACIONES
B39: OFERTA ECONOMICA | C39: =+'OrdenValor '!H3 -> 2581229
C41: =+C39/B6 -> 0.69233961

Sheet FORMULARIO No 2A PFM
A1: =PROPONENTE!A1 -> INSTITUTO NACIONAL DE VÍAS
A2: =PROPONENTE!A2 -> DIRECCIÓN GENERAL
A3: =PROPONENTE!A3 -> DIRECCIÓN DE CONTRATACIÓN
A4: =PROPONENTE!A4 -> DIRECCION TERRITORIAL CASANARE
A6: =+PROPONENTE!A6 -> INVITACION A PÚBLICA No. IP-DT-CAS-010-2024
A8: =+PROPONENTE!A8 -> OBJETO: ADECUACIÓN EN EL EDIFICIO SEDE DEL INVIAS EN LA TERRITORIAL CASANARE MEDIANTE EL MANTENIMIENTO DE AIRES ACONDICIONADOS, UPS Y PLANTA ELECTRICA
A10: CUADRO No. 2
A12: DETERMINACIÓN DEL PROMEDIO DE LA FACTURACIÓN MENSUAL PARA ACREDITACION DE LA EXPERIENCIA
H14: Fecha minima | I14: Fecha de cierre | J14: fecha máxima | K14: Fecha exp. | L14: Plazo contractual minimo | N14: N | O14: PO
H15: 36526 | I15: 45525 | K15: =H15 -> 36526 | N15: 2 | O15: =+'REQUISITOS HABILITANTES'!B6 -> 3728270 | P15: =+ROUND(O15/SMLM!D44,0) -> 3
A17: =IF(D17-INT(D17)=0,"PROPONENTE","INTEGRANTE") -> PROPONENTE | D17: =PROPONENTE!A14 -> 1 | E17: =+PROPONENTE!B14 -> SERVIAIRES JM SAS
H18: H | I18: I | J18: J | K18: K | L18: L | M18: M | N18: N | O18: O | P18: P | Q18: Q | R18: R | T18: S
A19: No. de | B19: Entidad | C19: Contrato o Resolución | E19: Porcentaje de | F19: Cumple Experiencia General (SI/NO) | G19: Integrante que aporta experiencia | H19: Incluye | I19: Fecha de | J19: Fecha de | K19: Fecha de | L19: Fecha de | M19: Plazo (n) meses | P19: Valor total del | Q19: VTE | S19: 100 VTE
A20: Orden | B20: Contratante | C20: No. | D20: Objeto | E20: participación | H20: ajustes? | I20: iniciación | J20: suspensión | K20: reanudación | L20: terminacion | M20: Ejecutado | N20: Faltante | O20: TOTAL | P20: contrato (VT) (Bas+Ajs+IVA) | Q20: Valor Aportado | R20: (smml) | S20: (smml) | T20: PFM
A21: 1 | B21: RAMA JUDICIAL DIRECCION EJECUTIVA SECCIONAL DE BOYACA Y CASANARE NIT. 800.165.804-5 | C21: CONTRATO N° CTO 103-2023 Del 01 de diciembre de 2023 | D21: Contratar en nombre de LA NACION - CONSEJO SUPERIOR DE LA JUDICATURA - DIRECCION EJECUTIVA SECCIONAL DE ADMINISTRACION JUDICIAL DE TUNJA, a precios unitarios el servicio de mantenimiento preventivo y/o correctivo, desinstalación e instalación de equipos de aire acondicionado fijo y portátiles, incluido repuestos, así como los equipos de aires acondicionado de los cuartos donde se encuentran instalados servidores y UPS, los cuales por sus condiciones de operación, ameritan una refrigeración constante, ubicados en los despachos y corporaciones judiciales de los distritos de Tunja, Santa Rosa de Viterbo y Yopal. | E21: 1 | F21: SI | G21: =+E17 -> SERVIAIRES JM SAS | H21: NO | I21: 45266 | L21: 45279 | M21: 0.5 | O21: =IF(I21="",(M21+N21),ROUND(IF(K21="---",IF(J21="---",(L21-I21+1)/365*12,(L21-I21+1)/365*12),((L21-I21+1)-(K21-J21))/365*12),1)) -> 0.5 | P21: 15000000 | Q21: =P21*E21 -> 15000000 | R21: =Q21/SMLM!D44 -> 12.931034 | S21: =R21*1 -> 12.931034 | T21: =R21/O21 -> 25.862069
A22: 2 | B22: INSTITUTO DE TURISMO DE VILLAVICENCIO NIT. 822.005.959-2 | C22: CONTRATO N° 130 DE 2023_x000D_ | D22: Prestación del servicio de mantenimiento preventivo y correctivo de los aires acondicionados del instituto de turismo de Villavicencio | E22: 1 | F22: SI | G22: =+G21 -> SERVIAIRES JM SAS | H22: NO | I22: 45240 | L22: 45269 | M22: 0.97 | O22: =IF(I22="",(M22+N22),ROUND(IF(K22="---",IF(J22="---",(L22-I22+1)/365*12,(L22-I22+1)/365*12),((L22-I22+1)-(K22-J22))/365*12),1)) -> 1 | P22: 6662334 | Q22: =P22*E22 -> 6662334 | R22: =Q22/SMLM!D44 -> 5.7433914 | S22: =R22*1 -> 5.7433914 | T22: =R22/O22 -> 5.7433914
A23: 3 | B23: CENTRAL ADMINISTRATIVA Y CONTABLE CENAC YOPAL NIT. 844.000.067-5 | C23: CONTRATO N° 197- CENACYOPAL-2023 | D23: Suministro de repuestos, mantenimiento de aires acondicionados, equipo de Cómputo y circuito cerrado de televisión para las unidades Centralizadas administrativamente o asignadas a la Central Administrativa y Contable Regional Yopal.(Lote 2) | E23: 1 | F23: SI | G23: =+E17 -> SERVIAIRES JM SAS | H23: NO | I23: 45108 | L23: 45275 | M23: =IF(I23="",0,IF(L23>$I$15,ROUND(IF(K23="---",IF(J23="---",IF(I23>$K$15,($I$15-I23+1)/365*12,($I$15-$K$15+1)/365*12),IF(I23>$K$15,(J23-I23+1)/365*12,(J23-$K$15+1)/365*12)),IF(I23>$K$15,(($I$15-I23+1)-(K23-J23))/365*12,(($I$15-$K$15+1)-(K23-J23))/365*12)),1),ROUND(IF(J23="---",IF(I23>$K$15,(L23-I23+1)/365*12,(L23-$K$15+1)/365*12),IF(I23>$K$15,((L23-I23+1)-(K23-J23))/365*12,((L23-$K$15+1)-(K23-J23))/365*12)),1))) -> 5.5 | O23: =IF(I23="",(M23+N23),ROUND(IF(K23="---",IF(J23="---",(L23-I23+1)/365*12,(L23-I23+1)/365*12),((L23-I23+1)-(K23-J23))/365*12),1)) -> 5.5 | P23: 18658005 | Q23: =P23*E23 -> 18658005 | R23: =Q23/SMLM!D44 -> 16.084487 | S23: =R23*1 -> 16.084487 | T23: =R23/O23 -> 2.9244522
A24: 4 | F24: SI | O24: =IF(I24="",(M24+N24),ROUND(IF(K24="---",IF(J24="---",(L24-I24+1)/365*12,(L24-I24+1)/365*12),((L24-I24+1)-(K24-J24))/365*12),1)) -> 0 | Q24: =P24*E24 -> 0 | R24: =Q24/SMLM!D43 -> 0 | S24: =R24*1 -> 0 | T24: =R24/O24 -> #DIV/0!
A25: OBSERVACIONES: | O25: TOTALES = | R25: =SUM(R21:R24) -> 34.758913 | S25: =SUM(S21:S24) -> 34.758913 | T25: =SUM(T21:T21) -> 25.862069
A28: ADMISIBLE

Sheet EXPERIENCIA
A1: =PROPONENTE!A1 -> INSTITUTO NACIONAL DE VÍAS
A2: =PROPONENTE!A2 -> DIRECCIÓN GENERAL
A3: =PROPONENTE!A3 -> DIRECCIÓN DE CONTRATACIÓN
A4: =PROPONENTE!A4 -> DIRECCION TERRITORIAL CASANARE
A6: =+PROPONENTE!A6 -> INVITACION A PÚBLICA No. IP-DT-CAS-010-2024
A8: =+PROPONENTE!A8 -> OBJETO: ADECUACIÓN EN EL EDIFICIO SEDE DEL INVIAS EN LA TERRITORIAL CASANARE MEDIANTE EL MANTENIMIENTO DE AIRES ACONDICIONADOS, UPS Y PLANTA ELECTRICA
A10: CUADRO No. 3
A12: RESUMEN EVALUACIÓN DE LA EXPERIENCIA GENERAL
C15: POM= | D15: =+'FORMULARIO No 2A PFM'!P15/'FORMULARIO No 2A PFM'!N15 -> 1.5
C16: PO= | D16: ='FORMULARIO No 2A PFM'!P15 -> 3
C17: 100 %PO= | D17: =D16*1 -> 3
A20: PROPUESTA | B20: PROPONENTE | C20: Porcentaje de | D20: VTE | E20: PFM | F20: 100% PFM | G20: CALIFICACION
A21: NÚMERO | C21: participación | D21: SMMLV | E21: SMMLV | F21: SMMLV | G21: OBTENIDA
A23: =PROPONENTE!A14 -> 1 | B23: =PROPONENTE!B14 -> SERVIAIRES JM SAS | C23: =PROPONENTE!C14 -> 1 | D23: ='FORMULARIO No 2A PFM'!R25 -> 34.758913 | E23: ='FORMULARIO No 2A PFM'!T25 -> 25.862069 | F23: ='FORMULARIO No 2A PFM'!S25 -> 34.758913 | G23: =+'FORMULARIO No 2A PFM'!A28 -> ADMISIBLE | H23: =IF(D23>$D$16,"ADMISIBLE","NO ADMISIBLE") -> ADMISIBLE

Sheet RESUMEN
A1: =PROPONENTE!A1 -> INSTITUTO NACIONAL DE VÍAS
A2: =PROPONENTE!A2 -> DIRECCIÓN GENERAL
A3: =PROPONENTE!A3 -> DIRECCIÓN DE CONTRATACIÓN
A4: =PROPONENTE!A4 -> DIRECCION TERRITORIAL CASANARE
A6: =+PROPONENTE!A6 -> INVITACION A PÚBLICA No. IP-DT-CAS-010-2024
A8: =+PROPONENTE!A8 -> OBJETO: ADECUACIÓN EN EL EDIFICIO SEDE DEL INVIAS EN LA TERRITORIAL CASANARE MEDIANTE EL MANTENIMIENTO DE AIRES ACONDICIONADOS, UPS Y PLANTA ELECTRICA
A10: CUADRO No. 7
A12: RESULTADO DE LA EVALUACIÓN TÉCNICA
A14: PROPUESTA | B14: PROPONENTE | C14: Evaluación | D14: EVALUACION | E14: CALIFICACION
A15: NÚMERO | C15: Jurídica | D15: TECNICA | E15: OBTENIDA
A16: =PROPONENTE!A14 -> 1 | B16: =PROPONENTE!B14 -> SERVIAIRES JM SAS | C16: ADMISIBLE | D16: =+EXPERIENCIA!G23 -> ADMISIBLE | E16: =IF(OR(COUNTIF(C16:D16,0)>0),"RECHAZADA",IF(OR(COUNTIF(C16:D16,"NO ADMISIBLE")>0),"NO ADMISIBLE","ADMISIBLE")) -> ADMISIBLE

Sheet SMLM
A1: PERIODO | D1: SMLM
A2: 29588 | C2: 29952 | D2: 5700 | E2: =+D2/D1-1 -> #VALUE!
A3: 29953 | C3: 30317 | D3: 7410 | E3: =+D3/D2-1 -> 0.3
A4: 30318 | C4: 30682 | D4: 9261 | E4: =+D4/D3-1 -> 0.24979757
A5: 30683 | C5: 31048 | D5: 11298 | E5: =+D5/D4-1 -> 0.21995465
A6: 31049 | C6: 31413 | D6: 13557.6 | E6: =+D6/D5-1 -> 0.2
A7: 31414 | C7: 31778 | D7: 16611.4 | E7: =+D7/D6-1 -> 0.22524636
A8: 31779 | C8: 32143 | D8: 20509.8 | E8: =+D8/D7-1 -> 0.23468221
A9: 32144 | C9: 32508 | D9: 25637.4 | E9: =+D9/D8-1 -> 0.25000731
A10: 32509 | C10: 32873 | D10: 32559.6 | E10: =+D10/D9-1 -> 0.27000398
A11: 32874 | C11: 33238 | D11: 41025 | E11: =+D11/D10-1 -> 0.25999705
A12: 33239 | C12: 33603 | D12: 51720 | E12: =+D12/D11-1 -> 0.2606947
A13: 33604 | C13: 33969 | D13: 65190 | E13: =+D13/D12-1 -> 0.26044084
... A44: 44927 | C44: 45291 | D44: 1160000 | E44: =+D44/D43-1 -> 0.16
